 Dungeon Crawl Stone Soup version 0.25-a0-35-g747a2b3c0c (webtiles) character file.

Game seed: 47535078681804936, levelgen mode: deterministic

109 Arixos the Skirmisher (level 4, -5/37 HPs)
             Began as a Demonspawn Monk on Oct 19, 2019.
             Killed by divine providence
             ... invoked by an orc priest
              (7 damage)
             ... on level 3 of the Dungeon.
             The game lasted 00:05:33 (2053 turns).

Arixos the Skirmisher (Demonspawn Monk)             Turns: 2053, Time: 00:05:33

Health: -5/37      AC: 10    Str: 13    XL:     4   Next: 60%
Magic:  4/4        EV:  7    Int: 11    God:
Gold:   112        SH:  0    Dex: 15    Spells: 3/3 levels left

rFire    . . .     SeeInvis .   n - +0 spear
rCold    + . .     Gourm    .   (no shield)
rNeg     . . .     Faith    .   f - +0 chain mail
rPois    .         Spirit   .   (helmet restricted)
rElec    .         Reflect  .   (no cloak)
rCorr    .         Harm     .   (no gloves)
MR       .....                  e - +0 pair of boots
Stlth    ..........             (no amulet)
HPRegen  0.12/turn              h - +1 ring of protection
MPRegen  0.09/turn              (no ring)

@: no status effects
A: horns 1, cold resistance 1, powered by pain 1
a: no special abilities


You were on level 3 of the Dungeon.
You were not hungry.

You visited 1 branch of the dungeon, and saw 3 of its levels.

You collected 112 gold pieces.

Inventory:

Hand Weapons
 n - a +0 spear (weapon)
Armour
 a - a +0 robe
 e - a +0 pair of boots (worn)
 f - a +0 chain mail (worn)
Jewellery
 h - a +1 ring of protection (left hand)
 k - an uncursed ring of protection from cold {unknown}
 q - a +3 ring of evasion
Scrolls
 d - 3 scrolls of identify {unknown}
 g - a scroll of enchant armour {unknown}
 j - a scroll of enchant weapon {unknown}
 l - a scroll of amnesia {unknown}
 m - a scroll of teleportation {unknown}
 o - a scroll of immolation {unknown}
 s - a scroll of remove curse {unknown}
Potions
 c - 2 potions of heal wounds {unknown}
 i - 2 potions of brilliance {unknown}
 p - a potion of agility {unknown}
 t - a potion of magic {unknown}
Comestibles
 b - 5 rations
 r - 6 chunks of flesh


   Skills:
 + Level 3.9 Fighting
 + Level 2.0 Armour
 + Level 3.6 Dodging
 - Level 1.7 Stealth
 - Level 2.6 Unarmed Combat


You had 3 spell levels left.
You didn't know any spells.
Your spell library was empty.

Dungeon Overview and Level Annotations

Branches:
Dungeon (3/15)

Altars:
Hepliaklqana
Sif Muna


Innate Abilities, Weirdness & Mutations

You have a pair of small horns on your head.
Your flesh is cold resistant. (rC+)
You sometimes gain a little power by taking damage.


Message History

The orc priest mumbles some strange prayers to Beogh against you.
Beogh smites you!
You hit something but do no damage. You headbutt something.
Something hits you but does no damage.
The orc priest invokes the aid of Beogh against you.
Beogh smites you!
* * * LOW HITPOINT WARNING * * *
You closely miss something.
You hear some strange, mumbled words.
Something tries to affect you, but you resist.
You hear some strange, mumbled words.
A puff of flame appears from out of thin air!
The puff of flame hits you.
* * * LOW HITPOINT WARNING * * *
There is an open door here.
You hear some strange, mumbled words.
Something tries to affect you, but you resist.
The orc priest mumbles some strange prayers to Beogh against you.
Beogh smites you!
You die...

#..#.....)##.## #..###.#
#.#..#.##.##.# #.## ##.
#......##.##.# #.# #.
###.......##'## #.## ##.
#.#######...## #<.###.. #####.#
##.....## ###...## #.....#
##.......## ##.#.#
#####.#...####.........####....#
.).......go.o{..@......).......#
#####.#...####.........####....#
####.##.## ##.......## ##...#
........# ##.....## #.###
.##...#.# ##...## #.# # #......#
##'## #.# #.#......# #.# #.#
#........# #.# #.# ####...###
##.## #.#


You could see an orc priest, an orc and a goblin.

Vanquished Creatures
  4 adders (D:2)
  An ooze (D:2)
  2 dart slugs
  6 orcs (D:3)
  5 bats
  3 giant cockroaches
  6 goblins
  6 hobgoblins
  10 jackals
  A ball python (D:1)
  3 frilled lizards
  6 kobolds
  4 rats
57 creatures vanquished.

Notes
Turn   | Place    | Note
-------+----------+-------------------------------------------
     0 | D:1      | Arixos the Demonspawn Monk began the quest for the Orb.
     0 | D:1      | Reached XP level 1. HP: 18/18 MP: 1/1
   397 | D:1      | Gained mutation: You have a pair of small horns on your
                  | head. [demonic ancestry]
   397 | D:1      | Reached XP level 2. HP: 24/24 MP: 2/2
   456 | D:1      | Reached skill level 1 in Armour
   945 | D:2      | Gained mutation: You sometimes gain a little power by
                  | taking damage. [demonic ancestry]
   945 | D:2      | Reached XP level 3. HP: 28/29 MP: 3/3
  1294 | D:2      | Gained mutation: Your flesh is cold resistant. (rC+)
                  | [demonic ancestry]
  1294 | D:2      | Reached XP level 4. HP: 37/37 MP: 4/4
  1306 | D:2      | Found a hazy altar of Hepliaklqana.
  1773 | D:2      | Found a shimmering blue altar of Sif Muna.
  2045 | D:3      | HP: 1/37 [something/puff of flame (3)]
  2053 | D:3      | Killed from afar by an orc priest

Levels and vault maps discovered:
D:1:      minmay_arrival_doors, layout_basic
D:2:      layout_rooms, nicolae_overflow_crystal_walls, lemuel_blue_sif_altar
D:3:      layout_loops_corners, first_ration

Skill      XL: |  1  2  3  4 |
---------------+-------------+-----
Dodging        | 3 |  3.6
Armour         | 1 2 |  2.0
Fighting       | |  3.9
Stealth        | |  1.7
Unarmed Combat | |  2.6

Action                   |  1- 3 |  4- 6 || total
-------------------------+-------+-------++-------
Melee: Unarmed           |    96 |       ||    96
       Headbutt          |    28 |    17 ||    45
       Spear             |    68 |    96 ||   164
       Punch             |       |     1 ||     1
  Eat: Chunk             |     1 |     3 ||     4
Armor: Robe              |    28 |       ||    28
       Chain mail        |    87 |    58 ||   145
Dodge: Dodged            |    87 |    28 ||   115

Table legend:
 A = Non-vault XP
 B = Vault XP
 C = Vault XP percentage of total XP
 D = Non-vault monster count
 E = Vault monster count
 F = Vault count percentage of total count
                 A         B        C        D         E       F
            +---------+---------+-------+---------+---------+-------
      Total |     157 |       0 |   0.0 |      57 |       0 |   0.0
            +---------+---------+-------+---------+---------+-------
        D:1 |      36 |       0 |   0.0 |      22 |       0 |   0.0
        D:2 |      92 |       0 |   0.0 |      23 |       0 |   0.0
        D:3 |      29 |       0 |   0.0 |      12 |       0 |   0.0
            +---------+---------+-------+---------+---------+-------
